 Dungeon Crawl Stone Soup version 0.28-a0-390-gb254ac4902 (webtiles) character file.

Game seed: 10937707286582040072

157106 mathmaestro the Black Belt (level 17, -2/176 HPs)
             Began as a Troll Monk on Sept 3, 2021.
             Was the Champion of Jiyva.
             Splashed by a goliath frog's acid (3 damage)
             ... called by a spriggan druid
             ... on level 3 of the Swamp.
             The game lasted 01:18:51 (28950 turns).

mathmaestro the Black Belt (Troll Monk)            Turns: 28950, Time: 01:18:53

Health: -2/176     AC: 11    Str: 19    XL:     17   Next: 11%
Magic:  16/16      EV: 17    Int:  8    God:    Jiyva [******]
Gold:   1565       SH:  0    Dex: 19    Spells: 16/16 levels left

rFire   . . .      SeeInvis .     - Unarmed
rCold   . . .      Faith    .   i - +0 kite shield
rNeg    . . .      Spirit   .   k - +1 swamp dragon scales
rPois   +          Reflect  +   (helmet restricted)
rElec   .          Harm     .   N - +0 cloak
rCorr   +          Rampage  .   (gloves unavailable)
Will    +....                   (boots unavailable)
Stlth   ..........              c - amulet of reflection
HPRegen 1.39/turn               q - +4 ring of evasion
MPRegen 0.15/turn               n - +4 ring of protection

@: confused, ambrosia-drunk, corroded, very slightly contaminated, hasted,
invisible, very quick
A: large, unfitting armour, claws 3, regeneration 1, shaggy fur 1, tough skin 1,
antennae 1, talons 1, sense surroundings 1, pseudopods 1, jelly absorbing
missiles, engulf
a: Renounce Religion, Request Jelly, Slimify, Cure Bad Mutation


You were on level 3 of the Swamp.
You worshipped Jiyva.
Jiyva was exalted by your worship.
You visited 7 branches of the dungeon, and saw 30 of its levels.
You also visited: Sewer and Gauntlet.

You collected 4375 gold pieces.
You spent 2810 gold pieces at shops.

Inventory:

Hand Weapons
 d - a +8 war axe of flaming
Missiles
 g - 5 boomerangs of dispersal
 l - 3 throwing nets
 w - 35 large rocks (quivered)
 z - 14 boomerangs
 O - 3 javelins
 R - 5 silver javelins
Armour
 e - +3 fire dragon scales
 i - a +0 kite shield (worn)
 k - +1 swamp dragon scales (worn)
 N - a +0 cloak (worn)
Jewellery
 c - an amulet of reflection (around neck)
 h - a ring of protection from cold
 n - a +4 ring of protection (right claw)
 q - a +4 ring of evasion (left claw)
 r - a ring of protection from fire
 E - a ring of willpower
 I - the ring "Guqar" {rElec rF+ MP+9}
   (You found it in a Gauntlet)

   [ring of magical power]

   rF:        It protects you from fire.
   rElec:     It insulates you from electricity.
   MP:        It affects your magic capacity (+9).
 J - a ring of see invisible
Wands
 u - a wand of paralysis (22)
 x - a wand of polymorph (22)
 y - a wand of digging (11)
 F - a wand of acid (8)
 H - a wand of flame (57)
 P - a wand of mindburst (24)
 Q - a wand of iceblast (28)
Scrolls
 o - 2 scrolls of magic mapping
 t - 2 scrolls of blinking
 A - 3 scrolls of summoning
 B - a scroll of holy word
 C - 4 scrolls of fear
 G - 5 scrolls of identify
 K - 5 scrolls of teleportation
 M - a scroll of fog
Potions
 a - 4 potions of haste
 b - a potion of cancellation
 f - 2 potions of might
 j - 6 potions of ambrosia
 p - 2 potions of flight
 s - 2 potions of berserk rage
 v - a potion of brilliance
 L - 4 potions of mutation
Miscellaneous
 m - a tin of tremorstones (2/2)
 T - a tin of tremorstones (2/2)


   Skills:
 + Level 13.0 Fighting
 - Level 10.2 Throwing
 - Level 10.0 Armour
 - Level 10.0 Dodging
 - Level 1.0 Stealth
 * Level 5.2 Shields
 + Level 17.1 Unarmed Combat
 - Level 5.0 Evocations


You had 16 spell levels left.
You didn't know any spells.
Your spell library contained the following spells:

 Spells                   Type           Power      Damage    Failure   Level
 Animate Skeleton         Necr           0%         N/A       83%         1
 Apportation              Tloc           0%         N/A       83%         1
 Corona                   Hex            0%         N/A       83%         1
 Summon Small Mammal      Summ           0%         N/A       83%         1
 Passwall                 Tmut/Erth      0%         N/A       92%         2
 Call Canine Familiar     Summ           0%         N/A       99%         3
 Conjure Flame            Conj/Fire      0%         6-21      99%         3
 Gell's Gravitas          Tloc           0%         N/A       99%         3
 Ignite Poison            Fire/Tmut/Pois 0%         N/A       99%         3
 Lesser Beckoning         Tloc           0%         N/A       99%         3
 Mephitic Cloud           Conj/Pois/Air  0%         N/A       99%         3
 Summon Guardian Golem    Hex/Summ       0%         N/A       99%         3
 Swiftness                Air            0%         N/A       99%         3
 Teleport Other           Tloc           0%         N/A       99%         3
 Petrify                  Tmut/Erth      0%         N/A       100%        4
 Sticky Flame             Conj/Fire      0%         2d3       100%        4
 Summon Ice Beast         Ice/Summ       0%         N/A       100%        4
 Bolt of Magma            Conj/Fire/Erth 0%         4d4       100%        5
 Iskenderun's Battlesphe  Conj           0%         2d6       100%        5
 Metabolic Englaciation   Hex/Ice        0%         N/A       100%        5
 Summon Mana Viper        Hex/Summ       0%         N/A       100%        5
 Invisibility             Hex            0%         N/A       100%        6
 Iron Shot                Conj/Erth      0%         9d1       100%        6
 Statue Form              Tmut/Erth      0%         N/A       100%        6
 Monstrous Menagerie      Summ           0%         N/A       100%        7
 Spellforged Servitor     Conj/Summ      0%         N/A       100%        7


Dungeon Overview and Level Annotations

Branches:
Dungeon (15/15)            Temple (1/1) D:5            Lair (6/6) D:9
  Swamp (3/4) Lair:3        Snake (2/4) Lair:3        Slime (0/5) Lair:5
    Orc (2/2) D:12            Elf (0/3) Orc:2        Vaults (0/5) D:13
 Depths (1/5) D:15          Sewer (visited)         Gauntlet (visited)

Altars:
Ashenzari
Cheibriados
Dithmenos
Elyvilon
Fedhas
Gozag
Hepliaklqana
Kikubaaqudgha
Makhleb
Nemelex Xobeh
Okawaru
Qazlal
Ru
Sif Muna
Trog
Uskayaw
Vehumet
Wu Jian
Xom
Yredelemnul
Zin
The Shining One
Jiyva

Shops:
D:1 =   D:2 ?   D:5 (*[   D:8 !   D:15 *   Orc:2 ([*=(

Portals:
Trove: D:12 (give 6 scrolls of fear)

Annotations:
D:12 3 runed translucent doors, Xilimun's ghost, journeyman GrGl; Ygoawn's ghost, journeyman DsGl; Ysoemn's ghost, journeyman DrDe
D:13 Rupert
D:14 2 transporters, rogsnak's ghost, journeyman DjFE
Snake:2 1 runed translucent door, Roxanne


Innate Abilities, Weirdness & Mutations

You are too large for most types of armour.
You have claws for hands.
Your natural rate of healing is unusually fast.
You are covered in fur. (AC +1)
You have tough skin. (AC +1)
You have a pair of small antennae on your head.
You have sharp toenails.
You passively map a small area around you.
Armour fits poorly on your pseudopods.
You have a small jelly attached to you that may absorb incoming projectiles.
Your melee attacks may engulf your foes in ooze.


Message History

The goliath frog hits you!
* * * LOW HITPOINT WARNING * * *
The acid corrodes you!
You are splashed with acid.
You resist.
* * * LOW HITPOINT WARNING * * *
The swamp worm fires a harpoon shot past the alligator.
The harpoon shot hits the alligator!
The alligator barely misses you. The alligator closely misses you.
You mangle the goliath frog!! You claw the goliath frog.
Your bludgeon misses the goliath frog.
The goliath frog is severely wounded.
The spriggan druid hits you with a +0 quarterstaff.
* * * LOW HITPOINT WARNING * * *
The goliath frog hits you!
* * * LOW HITPOINT WARNING * * *
You are splashed with acid.
You resist.
* * * LOW HITPOINT WARNING * * *
The swamp worm fires a harpoon shot past the alligator.
The harpoon shot hits the alligator!
The alligator closely misses you. The alligator barely misses you.
A seven-headed hydra comes into view.
You are too confused!
Okay, then.
Okay, then.
Okay, then.
Aiming: Paralyse
Press: ? - help, Shift-Dir - straight line, f - alligator
Aim: an alligator (heavily wounded, covering ground quickly, chance to affect: 43%)
Okay, then.
Aiming: Paralyse
Press: ? - help, Shift-Dir - straight line, f - spriggan druid
Aim: a spriggan druid, wielding a +0 quarterstaff and wearing a +0 robe (lightly wounded, chance to affect: 5%)
Okay, then.
Unknown command.
You feel yourself speed up.
The seven-headed hydra roars!
Trunks creak and shift.
The spriggan druid barely misses you. The goliath frog hits you!!
* * * LOW HITPOINT WARNING * * *
You are splashed with acid.
You resist.
You die...

≈ * , ≈ .♣♣♣♣.♣♣≈** ≈ *
≈......♣ * ≈ * * ,≈.≈.≈.♣ ≈
, ≈...≈*♣♣♣♣♣♣ ≈
♣♣♣♣...♣♣≈....≈ ≈ , **
♣≈.≈≈§.≈≈≈.w..≈ ≈≈ ≈ *
♣.≈≈F..≈≈≈≈≈≈≈≈.[≈≈≈≈ , * ≈
*♣.§@i≈≈≈≈≈≈§....§§≈≈ # ,*
♣♣.t†≈w≈≈..≈≈≈≈.>≈≈≈ , #.≈
♣♣.§§.≈≈≈..≈♣ ♣..≈≈≈
##...♣♣♣≈...♣.≈≈♣♣♣♣♣♣...≈≈
,
#..≈≈♣≈.≈≈≈♣♣♣♣♣♣♣♣≈≈≈≈♣≈≈≈
.....§D.♣♣♣♣ ♣♣..♣.≈≈.♣♣♣..
,.≈..§≈≈≈.♣♣ ♣..[≈≈≈≈.♣♣...
).....≈§.≈♣ ♣≈..≈≈..♣♣....
...≈≈...≈.♣♣♣♣≈....≈♣≈≈≈.♣♣


You could see an alligator (swift), a seven-headed hydra (wandering), a tyrant
leech (wandering), a spriggan druid, a goliath frog and a swamp worm.

Vanquished Creatures
  Mlioglotl (Snake:2)
  A fire giant (Depths:1)
  8 bunyips
  A dire elephant (D:15)
  A green death (Gauntlet)
  4 eleionomae
  An ettin (D:15)
  Josephine (D:14)
  A shambling mangrove (Swamp:1)
  A fire dragon (Lair:6)
  An ice dragon (Lair:6)
  12 hydras
  A ghost crab (Lair:3)
  A naga warrior (Snake:1)
  5 anacondas
  5 centaur warriors
  5 boulder beetles
  7 two-headed ogres
  5 alligators
  3 death yaks (Lair:5)
  4 tengu warriors
  2 death scarabs (Gauntlet)
  4 orc high priests (Orc:2)
  A naga sharpshooter (Snake:2)
  2 shock serpents (Snake:1)
  A spectral death yak (Gauntlet)
  4 skeletal warriors (D:15)
  Nergalle (Orc:1)
  The ghost of jimbles the Zephyrmancer, a novice TeAE of Vehumet (D:8)
  4 goliath frogs
  A death drake (Swamp:1)
  2 spriggan druids
  4 swamp dragons
  2 bog bodies (Swamp:2)
  A spectral hydra (Gauntlet)
  A naga ritualist (Snake:1)
  2 lindwurms (Lair:6)
  3 orc knights
  3 orc sorcerers (Orc:2)
  A deep elf pyromancer (D:12)
  6 mana vipers
  8 cyclopes
  A wolf spider (D:15)
  31 ugly things
  A salamander (D:15)
  12 elephants
  An ice statue (Gauntlet)
  5 manticores
  3 guardian serpents (Snake:1)
  14 black mambas
  An apocalypse crab (Gauntlet)
  3 naga magi
  6 torpor snails
  2 orange demons (Gauntlet)
  A smoke demon (Gauntlet)
  12 cane toads
  A gargoyle (D:12)
  4 komodo dragons
  12 rime drakes
  A komodo dragon (shapeshifter) (D:9)
  3 meliai (D:15)
  A red devil (Gauntlet)
  8 trolls
  16 hornets
  9 tyrant leeches
  10 blink frogs
  2 slime creatures (D:9)
  A polar bear (Lair:6)
  A spectral black mamba (Gauntlet)
  A water elemental (Depths:1)
  12 basilisks
  A yak (shapeshifter) (D:15)
  A vampire (D:9)
  11 spriggans
  11 wyverns
  A spectral komodo dragon (Gauntlet)
  11 humans
  7 wraiths
  31 yaks
  Grum (D:9)
  3 steam dragons
  8 swamp worms
  29 vampire mosquitoes
  3 acid dragons
  10 nagas
  4 wargs
  23 water moccasins
  A hell hound (D:14)
  A swamp drake (Swamp:2)
  2 hornet zombies
  32 orc warriors
  3 black bears
  An ice beast (D:6)
  9 ogres
  A centaur (D:6)
  20 wolves
  3 kobold brigands
  2 gnoll sergeants
  3 scorpions
  12 bullfrogs
  A water moccasin skeleton (D:5)
  11 killer bees
  15 wights
  A howler monkey (D:9)
  8 electric eels
  4 crimson imps (Gauntlet)
  4 centaur zombies
  A hound (D:3)
  A bullfrog skeleton (D:6)
  18 orc priests
  3 jellies
  2 centaur skeletons
  6 iguanas
  32 orc wizards
  4 hell rats (D:14)
  Terence (D:3)
  A killer bee zombie (D:8)
  A hound skeleton (D:5)
  A howler monkey zombie (D:8)
  11 gnolls
  10 adders
  2 shadow imps
  A white imp (D:11)
  3 ufetubi
  An adder skeleton (D:4)
  An adder zombie (D:5)
  71 orcs
  9 bats
  4 endoplasms
  16 giant cockroaches
  7 goblins
  5 hobgoblins
  4 jackals
  5 quokkas
  15 ball pythons
  5 frilled lizards
  20 kobolds
  A quokka skeleton (D:4)
  7 rats
856 creatures vanquished.

Vanquished Creatures (collateral kills)
  A skeletal warrior (D:15)
  2 ugly things (D:15)
3 creatures vanquished.

Vanquished Creatures (others)
  A great orb of eyes (Depths:1)
  An alligator (Swamp:2)
  A death yak (Lair:5)
  A wizard (D:11)
  A lindwurm (shapeshifter) (Depths:1)
  An orc knight (Orc:2)
  A cyclops (D:15)
  An ugly thing (Depths:1)
  A naga mage (Snake:1)
  2 black mambas (Snake:1)
  2 bloated husks (Swamp:1)
  78 jellies
  4 slime creatures
  A centaur simulacrum (D:15)
  A redback (shapeshifter) (D:15)
  A spriggan (Lair:6)
  2 yaks (Lair:5)
  A basilisk (D:13)
  5 humans (D:13)
  4 nagas (Snake:1)
  2 orc warriors (Orc:2)
  2 bullfrogs (Lair:5)
  A crimson imp (D:11)
  7 orc priests (Orc:2)
  7 orc wizards
  A gnoll (D:11)
  15 orcs
  A demonic plant (Gauntlet)
  86 fungi
  157 plants
  4 withered plants (D:12)
393 creatures vanquished.

Grand Total: 1252 creatures vanquished

Notes
Turn   | Place    | Note
-------+----------+-------------------------------------------
     0 | D:1      | mathmaestro the Troll Monk began the quest for the Orb.
     0 | D:1      | Reached XP level 1. HP: 22/22 MP: 0/0
   265 | D:1      | Reached XP level 2. HP: 28/29 MP: 1/1
   381 | D:1      | Found Veigaese's Jewellery Shop.
   708 | D:1      | Reached XP level 3. HP: 36/36 MP: 2/2
  1121 | D:2      | Reached XP level 4. HP: 45/45 MP: 3/3
  1208 | D:2      | Found a faded altar of an unknown god.
  1222 | D:2      | Found Liuvor's Magic Scroll Boutique.
  1544 | D:3      | Reached skill level 4 in Unarmed Combat
  1627 | D:3      | Noticed Terence
  1640 | D:3      | Killed Terence
  1641 | D:3      | Reached XP level 5. HP: 37/53 MP: 4/4
  1792 | D:3      | Reached skill level 5 in Unarmed Combat
  1792 | D:3      | Reached XP level 6. HP: 59/62 MP: 5/5
  2061 | D:4      | Noticed a steam dragon
  2073 | D:4      | Killed a steam dragon
  2130 | D:4      | Found a hide-covered altar of Uskayaw.
  2132 | D:4      | Identified the +4 rapier of Zojetefo {drain, rC++ Str+4}
  2373 | D:4      | Reached XP level 7. HP: 66/71 MP: 6/6
  2404 | D:4      | Reached skill level 6 in Unarmed Combat
  2485 | D:4      | Found a stormy altar of Qazlal.
  2595 | D:4      | Identified a scroll of acquirement
  2595 | D:4      | Acquired 1336 gold pieces
  2679 | D:1      | Bought a +4 ring of protection for 432 gold pieces
  2679 | D:1      | Bought a +4 ring of evasion for 432 gold pieces
  2763 | D:2      | Bought a scroll of magic mapping for 35 gold pieces
  2763 | D:2      | Bought a scroll of enchant weapon for 75 gold pieces
  2763 | D:2      | Bought a scroll of identify for 20 gold pieces
  2763 | D:2      | Bought a scroll of identify for 20 gold pieces
  2763 | D:2      | Bought a scroll of blinking for 75 gold pieces
  2763 | D:2      | Bought a scroll of identify for 20 gold pieces
  2763 | D:2      | Bought a scroll of identify for 20 gold pieces
  2814 | D:5      | Entered Level 5 of the Dungeon
  2826 | D:5      | Reached skill level 5 in Fighting
  2826 | D:5      | Found Ynosk's Antique Armour Shop.
  2836 | D:5      | Bought a shimmering robe for 171 gold pieces
  2836 | D:5      | Identified the +1 robe of Fanaticism {*Slow Regen+ MP+9
                  | Dex+3 Archmagi} (You bought it in a shop on level 5 of the
                  | Dungeon)
  2853 | D:5      | Found Plog's General Store.
  2880 | D:5      | Bought 2 potions of heal wounds for 140 gold pieces
  2939 | D:5      | Found Quato's Antique Weapon Boutique.
  2977 | D:5      | Found a glowing drain.
  2998 | Sewer    | Entered a sewer
  3508 | D:5      | Found a staircase to the Ecumenical Temple.
  3526 | D:5      | Reached skill level 7 in Unarmed Combat
  3526 | D:5      | Reached XP level 8. HP: 83/83 MP: 7/7
  3551 | Temple   | Entered the Ecumenical Temple
  4299 | D:6      | Noticed a boulder beetle
  4345 | D:6      | Killed a boulder beetle
  4346 | D:6      | Reached skill level 8 in Unarmed Combat
  4391 | D:6      | Found a basalt altar of Yredelemnul.
  4396 | D:6      | Found a burning altar of Makhleb.
  4397 | D:6      | Found a shadowy altar of Dithmenos.
  4468 | D:6      | Reached XP level 9. HP: 88/93 MP: 8/8
  4593 | D:6      | Reached skill level 9 in Unarmed Combat
  6109 | D:8      | Reached skill level 10 in Unarmed Combat
  6200 | D:8      | Found Egeqituj's Distillery.
  6216 | D:8      | Bought a potion of degeneration for 13 gold pieces
  6216 | D:8      | Bought a potion of lignification for 39 gold pieces
  6216 | D:8      | Bought a potion of might for 52 gold pieces
  6216 | D:8      | Bought a potion of curing for 39 gold pieces
  6281 | D:8      | Found a shimmering blue altar of Sif Muna.
  6283 | D:8      | Found a hazy altar of Hepliaklqana.
  6283 | D:8      | Found a glowing silver altar of Zin.
  6283 | D:8      | Found a white marble altar of Elyvilon.
  6285 | D:8      | Found a sparkling altar of Nemelex Xobeh.
  6286 | D:8      | Found a blossoming altar of Fedhas.
  6354 | D:8      | Noticed jimbles's ghost (novice TeAE)
  6379 | D:8      | Found a transporter.
  6384 | D:8      | Found a transporter.
  6602 | D:9      | Found a shimmering altar of Xom.
  6685 | D:9      | Noticed an elephant
  6692 | D:9      | Killed an elephant
  6693 | D:9      | Reached XP level 10. HP: 101/106 MP: 9/9
  6770 | D:9      | Reached skill level 11 in Unarmed Combat
  6828 | D:9      | Noticed a cyclops
  6831 | D:9      | Noticed a boulder beetle
  6832 | D:9      | Noticed a manticore
  6836 | D:9      | Killed a cyclops
  6839 | D:9      | Noticed a centaur warrior
  6961 | D:8      | Killed jimbles's ghost
  7075 | D:9      | Noticed a two-headed ogre
  7081 | D:9      | Killed a two-headed ogre
  7082 | D:9      | Reached skill level 10 in Fighting
  7172 | D:9      | Reached skill level 12 in Unarmed Combat
  7177 | D:9      | Noticed a centaur warrior
  7177 | D:9      | Noticed Grum
  7185 | D:9      | Killed Grum
  7188 | D:9      | Noticed a manticore
  7197 | D:9      | Killed a centaur warrior
  7203 | D:9      | Noticed a two-headed ogre
  7330 | D:9      | Found a staircase to the Lair.
  7353 | D:9      | Reached XP level 11. HP: 106/117 MP: 10/10
  7374 | D:9      | Killed a boulder beetle
  7375 | D:9      | Reached skill level 1 in Throwing
  7379 | D:9      | Reached skill level 1 in Armour
  7388 | D:9      | HP: 4/117 [centaur warrior/arrow (8)]
  7395 | D:9      | Killed a centaur warrior
  7667 | D:9      | Killed a two-headed ogre
  7819 | D:9      | Found an iron altar of Okawaru.
  7876 | Lair:1   | Entered Level 1 of the Lair of Beasts
  7880 | Lair:1   | Noticed a five-headed hydra
  7932 | Lair:1   | Killed a one-headed hydra
  7933 | Lair:1   | Reached skill level 13 in Unarmed Combat
  8117 | Lair:1   | You fall into a shaft and drop 1 floor!
  8344 | Lair:1   | Reached skill level 5 in Dodging
  8444 | Lair:1   | Reached XP level 12. HP: 121/126 MP: 11/11
  8607 | Lair:1   | Found a basalt altar of Yredelemnul.
  9023 | Lair:2   | Reached skill level 5 in Throwing
  9117 | Lair:2   | Reached skill level 5 in Armour
  9236 | Lair:2   | Acquired 706 gold pieces
  9453 | D:1      | Bought an amulet of reflection for 360 gold pieces
  9617 | D:8      | Bought a potion of magic for 104 gold pieces
  9617 | D:8      | Bought 2 potions of attraction for 78 gold pieces
  9617 | D:8      | Bought a potion of curing for 39 gold pieces
 10093 | Lair:3   | Found a staircase to the Snake Pit.
 10104 | Lair:3   | Reached skill level 14 in Unarmed Combat
 10142 | Lair:3   | Noticed a seven-headed hydra
 10171 | Lair:3   | Killed a one-headed hydra
 10342 | Lair:3   | Found a staircase to the Swamp.
 11342 | Lair:4   | Reached skill level 15 in Unarmed Combat
 11344 | Lair:4   | Reached skill level 1 in Evocations
 11566 | Lair:4   | Noticed a seven-headed hydra
 11724 | Lair:4   | Found a broken altar of Ashenzari.
 11798 | Lair:4   | Reached XP level 13. HP: 124/133 MP: 12/12
 12040 | Lair:4   | Reached skill level 5 in Evocations
 12507 | Lair:5   | Found a bloodstained altar of Trog.
 12858 | Lair:5   | Found a staircase to the Slime Pits.
 12871 | Lair:5   | Found a viscous altar of Jiyva.
 12885 | Lair:5   | Became a worshipper of Jiyva Jagoq the Shapeless
 12885 | Lair:5   | Reached * piety under Jiyva
 12885 | Lair:5   | Reached ** piety under Jiyva
 12918 | Lair:5   | Reached *** piety under Jiyva
 12923 | Lair:5   | Gained mutation: Your body has grown golden eyes which may
                  | confuse attackers. (Acc +3) [Jiyva's grace]
 13433 | Lair:6   | Entered Level 6 of the Lair of Beasts
 13734 | Lair:6   | Reached **** piety under Jiyva
 13821 | Lair:6   | Gained mutation: Your muscles are strong. (Str +2) [Jiyva's
                  | grace]
 13952 | Lair:6   | Noticed a fire dragon
 13961 | Lair:6   | Killed a fire dragon
 14464 | Lair:6   | Found a runed translucent door.
 14533 | Lair:6   | Reached XP level 14. HP: 123/144 MP: 13/13
 14979 | D:10     | Entered Level 10 of the Dungeon
 15318 | D:10     | Reached ***** piety under Jiyva
 15415 | D:10     | Identified the +4 ring mail of Fallacy {Harm +Blink rC-
                  | Will- Int+4 Slay+3}
 15422 | D:10     | Gained mutation: Your mind is acute. (Int +2) [Jiyva's
                  | grace]
 15697 | D:11     | Gained mutation: You are frail. (-10% HP) [Jiyva's grace]
 16425 | D:12     | Found a staircase to the Orcish Mines.
 16559 | D:12     | Found a runed translucent gate.
 16559 | D:12     | Found a runed translucent gate.
 16559 | D:12     | Found a runed translucent gate.
 16559 | D:12     | Noticed Xilimun's ghost (journeyman GrGl)
 16560 | D:12     | Noticed Ysoemn's ghost (journeyman DrDe)
 16560 | D:12     | Noticed Ygoawn's ghost (journeyman DsGl)
 16652 | D:12     | Found a portal to a secret trove of treasure.
 16855 | D:12     | Gained mutation: You are covered in slimy tendrils that may
                  | disarm your opponents. [Jiyva's grace]
 17048 | D:12     | Reached ****** piety under Jiyva
 17058 | D:12     | Lost mutation: Your muscles are strong. (Str +2) [Jiyva's
                  | grace]
 17685 | Orc:1    | Entered Level 1 of the Orcish Mines
 17886 | Orc:1    | Noticed Nergalle
 17891 | Orc:1    | Killed Nergalle
 18062 | Orc:1    | Lost mutation: You are covered in slimy tendrils that may
                  | disarm your opponents. [Jiyva's grace]
 18070 | Orc:1    | Gained mutation: Your spells are a little harder to cast,
                  | but a little more powerful. [Jiyva's grace]
 18243 | Orc:2    | Entered Level 2 of the Orcish Mines
 18352 | Orc:2    | Found Paipy's Weapon Shop.
 18366 | Orc:2    | Found a staircase to the Elven Halls.
 18378 | Orc:2    | Gained mutation: Your translucent skin slightly reduces
                  | your foes' accuracy. (Stealth+) [Jiyva's grace]
 18527 | Orc:2    | Noticed an orc warlord
 18534 | Orc:2    | Slimified an orc warlord
 18534 | Orc:2    | Noticed an azure jelly
 18534 | Orc:2    | an orc warlord changed into an azure jelly
 18553 | Orc:2    | Found a gate leading to a gauntlet.
 18562 | Gauntlet | Entered a Gauntlet
 18562 | Gauntlet | Found a transporter.
 18592 | Gauntlet | Found a transporter.
 18595 | Gauntlet | Found a transporter.
 18596 | Gauntlet | Found a transporter.
 18605 | Gauntlet | Found a transporter.
 18607 | Gauntlet | Found a transporter.
 18608 | Gauntlet | Found a transporter.
 18616 | Gauntlet | Found a transporter.
 18619 | Gauntlet | Found a transporter.
 18620 | Gauntlet | Found a transporter.
 18632 | Gauntlet | Found a transporter.
 18632 | Gauntlet | Found a transporter.
 18633 | Gauntlet | Found a transporter.
 18641 | Gauntlet | Found a transporter.
 18728 | D:8      | Gained mutation: You passively map a small area around you.
                  | [Jiyva's grace]
 19092 | Gauntlet | Identified the ring of Fesepp {Fly Dex+3}
 19112 | Gauntlet | Identified the ring "Guqar" {rElec rF+ MP+9}
 19155 | Gauntlet | Noticed an acid blob
 19155 | Gauntlet | a minotaur changed into an acid blob
 19164 | Gauntlet | Identified the +5 falchion of Sharkskin {holy, Dex+4}
 19386 | Orc:2    | Lost mutation: Your body has grown golden eyes which may
                  | confuse attackers. (Acc +3) [Jiyva's grace]
 19415 | Orc:2    | Lost mutation: You are frail. (-10% HP) [Jiyva's power]
 19544 | Orc:2    | Lost mutation: Your translucent skin slightly reduces your
                  | foes' accuracy. (Stealth+) [Jiyva's grace]
 19752 | Orc:2    | Reached XP level 15. HP: 124/142 MP: 14/14
 19796 | Orc:2    | Gained mutation: You expend magic power (3 MP) to
                  | strengthen your wands. [Jiyva's grace]
 19822 | Orc:2    | Lost mutation: Your mind is acute. (Int +2) [Jiyva's grace]
 19857 | Orc:2    | Found Moat's General Store.
 19858 | Orc:2    | Found Govue's Jewellery Shoppe.
 19860 | Orc:2    | Found Goerusk's Antique Armour Emporium.
 19860 | Orc:2    | Found Huathih's Antique Weapon Emporium.
 19865 | Orc:2    | Bought a scroll of enchant armour for 97 gold pieces
 19865 | Orc:2    | Bought a scroll of teleportation for 39 gold pieces
 20082 | D:13     | Noticed Rupert
 20082 | D:13     | Noticed Urug
 20082 | D:13     | Found a gate to the Vaults.
 20124 | D:13     | Lost mutation: Your spells are a little harder to cast, but
                  | a little more powerful. [Jiyva's grace]
 20147 | D:13     | Slimified Urug
 20147 | D:13     | Noticed Urug
 20147 | D:13     | Urug changed into Urug the slime creature
 20153 | D:13     | Killed Urug the slime creature
 20164 | D:13     | Noticed an azure jelly
 20164 | D:13     | a death knight changed into an azure jelly
 20518 | D:13     | Gained mutation: You have a pair of small antennae on your
                  | head. [Jiyva's grace]
 20784 | D:14     | Noticed Josephine
 20801 | D:14     | Killed Josephine
 20894 | D:14     | Reached skill level 16 in Unarmed Combat
 20966 | D:14     | Found a blossoming altar of Fedhas.
 21117 | D:14     | Found a transporter.
 21120 | D:14     | Noticed rogsnak's ghost (journeyman DjFE)
 21122 | D:14     | Found a transporter.
 21344 | D:14     | Gained mutation: Armour fits poorly on your pseudopods.
                  | [Jiyva's grace]
 21636 | D:15     | Entered Level 15 of the Dungeon
 22083 | D:15     | Found a staircase to the Depths.
 22268 | D:15     | Gained mutation: You have a small jelly attached to you
                  | that may absorb incoming projectiles. [Jiyva's grace]
 22421 | D:15     | Reached XP level 16. HP: 119/165 MP: 15/15
 22494 | D:15     | Found a radiant altar of Vehumet.
 22544 | D:15     | Found Luon's Assorted Antiques.
 22554 | D:15     | Bought a scroll of teleportation for 90 gold pieces
 22554 | D:15     | Bought a scroll of enchant armour for 225 gold pieces
 22554 | D:15     | Bought a scroll of fear for 105 gold pieces
 22554 | D:15     | Bought a potion of curing for 90 gold pieces
 22948 | Snake:1  | Entered Level 1 of the Snake Pit
 23502 | Snake:1  | Noticed an acid blob
 23502 | Snake:1  | a naga warrior changed into an acid blob
 23503 | Snake:1  | Lost mutation: You expend magic power (3 MP) to strengthen
                  | your wands. [Jiyva's grace]
 23608 | Snake:1  | Reached skill level 10 in Throwing
 25051 | Snake:2  | Noticed Mlioglotl
 25292 | Snake:2  | Identified Roxanne's Grimoire of Stones
 25292 | Snake:2  | Noticed Roxanne
 25306 | Snake:2  | Found a runed translucent door.
 25309 | Snake:2  | Gained mutation: You have sharp toenails. [Jiyva's grace]
 25407 | Snake:2  | Killed Mlioglotl
 26232 | Depths:1 | Entered Level 1 of the Depths
 26405 | D:15     | Reached skill level 1 in Shields
 26670 | Swamp:1  | Entered Level 1 of the Swamp
 26948 | Lair:3   | Gained mutation: You occasionally shout uncontrollably at
                  | your foes. [Jiyva's grace]
 26949 | Lair:3   | Lost mutation: You occasionally shout uncontrollably at
                  | your foes. [Jiyva's power]
 27885 | Swamp:2  | Reached skill level 10 in Armour
 27885 | Swamp:2  | Reached skill level 10 in Dodging
 28323 | Swamp:1  | Reached skill level 17 in Unarmed Combat
 28456 | Swamp:2  | Reached XP level 17. HP: 142/175 MP: 16/16
 28506 | Swamp:2  | Gained mutation: Your melee attacks may engulf your foes in
                  | ooze. [Jiyva's grace]
 28836 | Swamp:2  | Reached skill level 5 in Shields
 28950 | Swamp:3  | HP: 1/176 [goliath frog[a spriggan druid] (21)]
 28950 | Swamp:3  | Splashed by a goliath frog's acid

Illustrated notes

Levels and vault maps discovered:
D:1:      shiori_arrival_maze, layout_basic, serial_shops, nicolae_shop_crystal
D:2:      layout_loops_cross, shapermc_ecumenical_altar_mp_vishouse,
          serial_shops, shop
D:3:      layout_rooms, grunt_decor_one_mirror,
          amcnicky_mini_rare_corridor_liquid, uniq_terence
D:4:      layout_rooms, nicolae_qazlal_eye_of_the_storm,
          eat_drink_and_be_merry_uskayaw
D:5:      minmay_inner_zag, layout_basic, minmay_temple_entry_mini_moons,
          portal_sewer_entry_b, serial_shops, nicolae_diamond_shop,
          nicolae_shop_overgrown_old_shop, shop_statue
D:6:      layout_cave_pods, minitemple
D:7:      layout_basic
D:8:      layout_rooms, grunt_temple_overflow_open, gammafunk_ghost_hive,
          serial_shops, nicolae_diamond_shop, hangedman_decor_push
D:9:      layout_basic, mainiacjoe_overflow_swirl, david_lair_generic,
          minivault_28, uniq_grum
D:10:     layout_roguey
D:11:     layout_loops_corners, minivault_20, minmay_fire_ice_demons
D:12:     layout_layer_cave, erik_orc_4, nicolae_trove_entry_crossroad,
          gammafunk_ghost_cemetery
D:13:     layout_gridville, david_vaults_3
D:14:     layout_rooms, old_standard_altar, special_room
          [special_room_mythical_zoo], gammafunk_ghost_mausoleum, uniq_josephine
D:15:     hangedman_depths_entry_try_elsewhere_first, layout_long_grid,
          serial_shops, nicolae_lakefront_shop, grunt_ministairs_14,
          nicolae_vehumet_radiance
Temple:   compressed_dpeg_triangle_lava_temple
Lair:1:   layout_misc_corridors, basic_altar, grunt_megastairs_4
Lair:2:   layout_gridlike, infiniplex_staircase_pool, grunt_megastairs_5,
          serial_bayou_shore_a
Lair:3:   layout_roguey, minmay_swamp_entry_eels,
          minmay_snake_entry_six_corridors, grunt_forest_small_clearing_treed
Lair:4:   layout_loops_ring, basic_altar, grunt_megastairs_2
Lair:5:   layout_regular_city, slime_altar_1, basic_altar, minivault_11
Lair:6:   wormcave, layout_regular_city, guppyfry_lair_end_dragon,
          chequers_serial_rivers_small_a, wad_woods_01
Swamp:1:  layout_basic_swamp, nicolae_swamp_oxbows
Swamp:2:  layout_basic_swamp, nicolae_swamp_triple_paths
Swamp:3:  layout_basic_swamp, evilmike_swamp_ruin_house_4, uniq_bai_suzhen
Snake:1:  layout_layer_cave, hangedman_snake_corridor_cut
Snake:2:  cheibrodos_toxic_ritual, layout_grid_shapes,
          nicolae_snake_gridmaze_entwining, nicolae_snake_double_loop,
          uniq_roxanne, uniq_mlioglotl
Orc:1:    layout_caves, serial_shops, uniq_nergalle, uniq_urug
Orc:2:    st_orc_congregation, layout_diamond_mine, gauntlet_entry_generic,
          serial_shops, nicolae_shop_competitors_out_of_business
Depths:1: layout_forbidden_donut, fedhas_altar_2,
          nicolae_abyss_entry_one_way_or_another, pf_vacation_house_of_asmodeus,
          st_stairs_5, tso_metal_star

Skill      XL: |  1  2  3  4  5  6  7  8  9 10 11 12 13 14 15 16 17 |
---------------+----------------------------------------------------+-----
Fighting       | 3 4 5 7 8 10 11 12 13 | 13.0
Dodging        | 3 5 6 8 9 10 | 10.0
Unarmed Combat | 4 5 7 8 10 12 13 15 16 17 | 17.1
Throwing       | 4 5 7 8 9 10 | 10.2
Armour         | 4 5 6 8 9 10 | 10.0
Evocations     | 4 5 |  5.0
Shields        | 4 5 |  5.2
Stealth        | |  1.0

Action                   |  1- 3 |  4- 6 |  7- 9 | 10-12 | 13-15 | 16-18 || total
-------------------------+-------+-------+-------+-------+-------+-------++-------
Melee: Unarmed           |    98 |   117 |   316 |   531 |  1430 |   588 ||  3080
       Punch             |     1 |     2 |    20 |    34 |   146 |    17 ||   220
       War axe           |       |       |       |    24 |    38 |     8 ||    70
       Pseudopods        |       |       |       |       |    43 |   147 ||   190
       Kick              |       |       |       |       |       |   157 ||   157
Throw: Large rock        |       |       |       |     2 |    24 |     7 ||    33
Invok: Slimify           |       |       |       |       |     8 |     3 ||    11
       Cure Bad Mutation |       |       |       |       |     1 |     1 ||     2
Evoke: Wand              |       |       |     1 |     4 |       |       ||     5
  Use: Scroll            |     3 |     2 |    12 |    12 |    11 |     7 ||    47
       Potion            |       |     1 |     2 |    10 |     4 |    13 ||    30
 Stab: Sleeping          |     1 |     1 |     4 |       |       |       ||     6
       Distracted        |     1 |       |       |       |     3 |     2 ||     6
       Confused          |       |       |       |       |     5 |       ||     5
Armor: Robe              |    30 |    24 |     6 |   183 |    79 |       ||   322
       Steam dragon scal |       |    13 |   105 |       |       |       ||   118
       Skin              |       |       |       |    17 |       |       ||    17
       Fire dragon scale |       |       |       |       |   528 |    82 ||   610
       Swamp dragon scal |       |       |       |       |       |    62 ||    62
Dodge: Dodged            |    44 |    61 |   181 |   431 |   912 |   335 ||  1964
Block: Other             |       |       |       |    36 |   305 |    54 ||   395
       Reflection        |       |       |       |       |     8 |    11 ||    19
       Kite shield       |       |       |       |       |       |   263 ||   263

Table legend: (Time is in decaauts)
 A = Elapsed time spent in this place.
 B = Non-inter-level travel time spent in this place.
 C = Inter-level travel time spent in this place.
 D = Time resting spent in this place.
 E = Time spent auto-exploring this place.
 F = Levels seen in this place.
 G = Mean time per level.
                   A        B        C        D        E       F      G
               +--------+--------+--------+--------+--------+-----+--------+
         Total |  28651 |  26368 |   2283 |   2795 |  16916 |  32 |  895.3 |
       Dungeon |  13116 |  11607 |   1509 |    799 |   8127 |  15 |  874.4 |
        Temple |    278 |    266 |     12 |      0 |    258 |   1 |  278.0 |
          Lair |   7416 |   6905 |    511 |   1123 |   4066 |   6 | 1236.0 |
         Swamp |   2147 |   2091 |     56 |    484 |    978 |   3 |  715.7 |
     Snake Pit |   2764 |   2683 |     81 |    253 |   2032 |   2 | 1382.0 |
  Orcish Mines |   1652 |   1540 |    112 |     21 |    786 |   2 |  826.0 |
        Depths |    162 |    162 |      0 |      0 |     82 |   1 |  162.0 |
         Sewer |    523 |    523 |      0 |      0 |    380 |   1 |  523.0 |
      Gauntlet |    590 |    590 |      0 |    114 |    205 |   1 |  590.0 |
               +--------+--------+--------+--------+--------+-----+--------+

Top non-repeatable levels by time:
  Lair:3: 1911 daAuts
 Snake:1: 1606 daAuts
  Lair:6: 1440 daAuts
    D:12: 1431 daAuts
    D:15: 1290 daAuts
  Lair:4: 1188 daAuts
 Snake:2: 1157 daAuts
 Swamp:1: 1116 daAuts
   Orc:2: 1079 daAuts
     D:9: 1075 daAuts
  Lair:2: 1061 daAuts
     D:7: 1021 daAuts
     D:1: 1011 daAuts
  Lair:5: 946 daAuts
 Swamp:2: 914 daAuts
